[ AOE2 MATCH · #504707579 ]
UnrankedIncas vs Burmese
Player's team · LOSS
Rival team · WIN
[ REPLAY ANALYSIS · EXTRACTED FROM THE RECORDED GAME ]
Feudal
8:51
Castle
21:55
Imperial
—
| APM avg | 63.0 |
| APM peak | 115 |
| eAPM avg | 27.8 |
| Villagers / military | 62 / 39 |
Focus
⚔️ 53.9% · 🌾 46.1%
Archer ×35 · Mangonel ×4 · Unknown (2550) ×1
Feudal
10:05
Castle
13:54
Imperial
—
| APM avg | 62.4 |
| APM peak | 91 |
| eAPM avg | 28.8 |
| Villagers / military | 56 / 44 |
Focus
⚔️ 44.5% · 🌾 55.5%
Arambai ×34 · Scorpion ×4 · Mangonel ×3 · Monk ×2 · Battering Ram ×1
Match map
Initial resources + every placement click. Lines = walls · curves = elevation contours. ◆ gold · ⬟ stone · ● berries · ✦ relic · ◌ wall gap
Your base· Open — unwalled flank
Oni.FreakinAndy's base· Open — 8t gap
Smoothed initial terrain · ◌ = detected wall gap · hover for details
Inputs per minute
— Dennis哥 - - Oni.FreakinAndy
Build order — Dennis哥
First 150 of 178 actions detected
| 0:00 | Create | Villager (Male) ×4 |
| 0:01 | Build | House |
| 1:15 | Create | Villager (Male) |
| 1:15 | Create | Villager (Male) |
| 1:51 | Create | Villager (Male) |
| 1:51 | Create | Villager (Male) |
| 2:11 | Create | Villager (Male) |
| 2:11 | Create | Villager (Male) |
| 2:27 | Build | Settlement |
| 2:44 | Create | Villager (Male) |
| 3:00 | Create | Villager (Male) |
| 3:32 | Create | Villager (Male) |
| 3:33 | Create | Villager (Male) |
| 4:07 | Create | Villager (Male) |
| 4:14 | Create | Villager (Male) |
| 4:47 | Create | Villager (Male) |
| 4:48 | Create | Villager (Male) |
| 4:48 | Create | Villager (Male) |
| 4:48 | Create | Villager (Male) |
| 5:34 | Build | Barracks |
| 6:10 | Research | Loom |
| 6:39 | Research | Feudal Age |
| 6:39 | Research | Feudal Age |
| 7:12 | Build | Settlement |
| 7:53 | Create | Villager (Male) |
| 8:05 | Create | Unit 2550 |
| 8:42 | Create | Villager (Male) |
| 8:51 | Age | Feudal Age |
| 8:52 | Build | Archery Range |
| 8:55 | Research | Double-Bit Axe |
| 8:55 | Research | Double-Bit Axe |
| 9:17 | Create | Villager (Male) |
| 9:21 | Build | Settlement |
| 9:44 | Create | Archer |
| 9:46 | Create | Villager (Male) |
| 10:05 | Create | Villager (Male) |
| 10:14 | Create | Archer |
| 10:19 | Build | Blacksmith |
| 10:33 | Create | Villager (Male) |
| 10:44 | Build | Palisade Wall |
| 10:55 | Create | Villager (Male) |
| 10:59 | Build | Outpost |
| 11:02 | Create | Archer |
| 11:27 | Create | Villager (Male) |
| 11:29 | Build | Archery Range |
| 11:48 | Build | Watch Tower |
| 11:54 | Build | Outpost |
| 11:55 | Create | Villager (Male) |
| 12:15 | Build | Settlement |
| 12:23 | Create | Villager (Male) |
| 12:26 | Create | Archer |
| 13:04 | Create | Villager (Male) |
| 13:09 | Build | Farm |
| 13:10 | Build | Farm |
| 13:18 | Build | Watch Tower |
| 13:23 | Create | Archer |
| 13:23 | Create | Archer |
| 13:24 | Create | Villager (Male) |
| 13:38 | Build | Farm |
| 13:56 | Build | Outpost |
| 13:59 | Create | Villager (Male) |
| 14:02 | Build | Farm |
| 14:11 | Create | Archer |
| 14:11 | Create | Archer |
| 14:18 | Build | Farm |
| 14:23 | Build | Palisade Wall |
| 14:24 | Build | Palisade Wall |
| 14:24 | Build | Palisade Wall |
| 14:24 | Build | Palisade Wall |
| 14:29 | Create | Villager (Male) |
| 14:31 | Build | Farm |
| 14:50 | Create | Villager (Male) |
| 15:11 | Create | Villager (Male) |
| 15:15 | Research | Fletching |
| 15:15 | Research | Fletching |
| 15:18 | Build | Watch Tower |
| 15:23 | Create | Archer |
| 15:23 | Create | Archer |
| 15:34 | Create | Villager (Male) |
| 15:37 | Build | Farm |
| 15:38 | Build | Farm |
| 15:55 | Create | Villager (Male) |
| 16:07 | Build | Farm |
| 16:11 | Create | Archer |
| 16:11 | Create | Archer |
| 16:17 | Create | Villager (Male) |
| 16:23 | Build | Palisade Wall |
| 16:23 | Build | Palisade Wall |
| 16:24 | Build | Palisade Wall |
| 16:32 | Create | Villager (Male) |
| 16:53 | Build | Watch Tower |
| 16:56 | Create | Archer |
| 16:57 | Create | Archer |
| 16:57 | Create | Villager (Male) |
| 17:01 | Build | Market |
| 17:03 | Build | House |
| 17:06 | Build | Farm |
| 17:19 | Create | Villager (Male) |
| 17:44 | Create | Villager (Male) |
| 17:45 | Build | Palisade Wall |
| 17:46 | Build | Palisade Wall |
| 18:17 | Create | Archer |
| 18:17 | Create | Archer |
| 18:19 | Build | House |
| 18:35 | Build | Watch Tower |
| 18:40 | Create | Villager (Male) |
| 19:15 | Research | Castle Age |
| 19:15 | Research | Castle Age |
| 19:44 | Research | Gold Mining |
| 19:44 | Research | Gold Mining |
| 19:48 | Build | Palisade Wall |
| 19:48 | Build | Palisade Wall |
| 19:48 | Build | Palisade Wall |
| 19:49 | Build | Palisade Wall |
| 20:09 | Create | Archer |
| 20:09 | Create | Archer |
| 20:17 | Create | Villager (Male) |
| 20:19 | Create | Archer |
| 20:46 | Create | Archer |
| 20:46 | Create | Archer |
| 20:58 | Create | Villager (Male) |
| 21:03 | Create | Villager (Male) |
| 21:34 | Create | Villager (Male) |
| 21:53 | Research | Town Watch |
| 21:55 | Age | Castle Age |
| 21:56 | Research | Crossbowman (upgrade) |
| 21:56 | Research | Crossbowman (upgrade) |
| 21:57 | Research | Bodkin Arrow |
| 21:57 | Research | Bodkin Arrow |
| 22:01 | Build | University |
| 22:02 | Build | Farm |
| 22:09 | Build | Settlement |
| 22:34 | Create | Villager (Male) |
| 22:48 | Create | Villager (Male) |
| 22:50 | Create | Archer |
| 22:50 | Create | Archer |
| 22:51 | Create | Villager (Male) |
| 23:12 | Create | Villager (Male) |
| 23:17 | Build | Palisade Wall |
| 23:32 | Build | Siege Workshop |
| 23:36 | Create | Villager (Male) |
| 23:38 | Create | Archer |
| 23:49 | Create | Villager (Male) |
| 23:53 | Create | Archer |
| 24:07 | Build | Palisade Wall |
| 24:12 | Research | Ballistics |
| 24:14 | Create | Villager (Male) |
| 24:21 | Build | House |
| 24:23 | Build | House |
| 24:33 | Create | Mangonel |
Build order — Oni.FreakinAndy
First 150 of 154 actions detected
| 0:00 | Create | Villager (Male) |
| 0:00 | Create | Villager (Male) |
| 0:00 | Create | Villager (Male) |
| 0:01 | Create | Villager (Male) |
| 0:02 | Build | House |
| 1:23 | Build | Lumber Camp |
| 1:27 | Create | Villager (Male) |
| 1:52 | Build | House |
| 1:58 | Create | Villager (Male) |
| 1:58 | Create | Villager (Male) |
| 2:05 | Build | House |
| 2:21 | Create | Villager (Male) |
| 2:21 | Create | Villager (Male) |
| 2:54 | Create | Villager (Male) |
| 3:08 | Create | Villager (Male) |
| 3:08 | Create | Villager (Male) |
| 3:34 | Create | Villager (Male) |
| 3:35 | Create | Villager (Male) |
| 4:07 | Create | Villager (Male) |
| 4:21 | Create | Villager (Male) |
| 4:39 | Build | Mill |
| 4:43 | Create | Villager (Male) |
| 5:09 | Create | Villager (Male) |
| 5:33 | Create | Villager (Male) |
| 5:33 | Create | Villager (Male) |
| 6:08 | Build | House |
| 6:31 | Create | Villager (Male) |
| 6:42 | Build | Palisade Wall |
| 6:44 | Build | Palisade Wall |
| 6:44 | Build | Palisade Wall |
| 6:45 | Build | Palisade Wall |
| 6:45 | Build | Palisade Wall |
| 6:50 | Create | Villager (Male) |
| 7:19 | Create | Villager (Male) |
| 7:23 | Build | Mining Camp |
| 7:48 | Research | Feudal Age |
| 7:49 | Research | Feudal Age |
| 8:25 | Create | Villager (Male) |
| 8:42 | Create | Villager (Male) |
| 9:31 | Research | Loom |
| 9:58 | Build | Palisade Gate |
| 10:03 | Build | Palisade Wall |
| 10:05 | Age | Feudal Age |
| 10:13 | Build | Market |
| 10:16 | Build | Palisade Wall |
| 10:17 | Build | Palisade Wall |
| 10:39 | Build | Blacksmith |
| 10:41 | Build | Stone Wall |
| 11:14 | Research | Castle Age |
| 11:14 | Research | Castle Age |
| 11:18 | Build | Palisade Wall |
| 11:45 | Build | Palisade Wall |
| 12:24 | Create | Villager (Male) |
| 12:24 | Create | Villager (Male) |
| 12:33 | Build | House |
| 13:54 | Age | Castle Age |
| 13:57 | Build | Castle |
| 14:40 | Build | Monastery |
| 14:42 | Build | Mining Camp |
| 14:43 | Create | Villager (Male) |
| 14:47 | Build | Farm |
| 14:49 | Build | Farm |
| 14:55 | Create | Arambai |
| 14:55 | Create | Arambai |
| 14:55 | Create | Arambai |
| 15:21 | Create | Arambai |
| 15:22 | Create | Villager (Male) |
| 15:36 | Create | Monk |
| 15:36 | Create | Monk |
| 15:43 | Research | Padded Archer Armor |
| 15:43 | Research | Padded Archer Armor |
| 16:00 | Create | Arambai |
| 16:07 | Create | Villager (Male) |
| 16:12 | Create | Villager (Male) |
| 16:12 | Create | Villager (Male) |
| 16:50 | Create | Arambai |
| 16:51 | Create | Arambai |
| 17:04 | Create | Villager (Male) |
| 17:08 | Create | Arambai |
| 17:08 | Create | Arambai |
| 17:31 | Create | Villager (Male) |
| 17:32 | Create | Villager (Male) |
| 17:34 | Build | Siege Workshop |
| 18:16 | Create | Battering Ram |
| 18:36 | Create | Villager (Male) |
| 18:42 | Build | Farm |
| 18:42 | Build | Farm |
| 18:57 | Create | Arambai |
| 18:57 | Create | Arambai |
| 19:11 | Create | Villager (Male) |
| 19:42 | Create | Arambai |
| 19:42 | Create | Arambai |
| 19:45 | Create | Arambai |
| 19:45 | Create | Arambai |
| 19:45 | Create | Villager (Male) |
| 19:46 | Create | Villager (Male) |
| 20:53 | Create | Arambai |
| 20:53 | Create | Arambai |
| 21:03 | Create | Arambai |
| 21:05 | Create | Villager (Male) |
| 21:22 | Create | Arambai |
| 21:22 | Create | Arambai |
| 21:42 | Create | Arambai |
| 21:42 | Create | Arambai |
| 21:58 | Build | Town Center |
| 22:11 | Create | Villager (Male) |
| 22:11 | Create | Villager (Male) |
| 22:32 | Create | Scorpion |
| 22:32 | Create | Scorpion |
| 23:10 | Create | Scorpion |
| 23:10 | Create | Scorpion |
| 23:46 | Build | Lumber Camp |
| 23:57 | Create | Arambai |
| 24:10 | Build | Farm |
| 24:16 | Create | Villager (Male) |
| 24:16 | Create | Villager (Male) |
| 24:16 | Create | Villager (Male) |
| 24:45 | Create | Arambai |
| 24:46 | Create | Arambai |
| 25:04 | Create | Mangonel |
| 25:04 | Create | Mangonel |
| 25:17 | Create | Villager (Male) |
| 25:17 | Create | Villager (Male) |
| 26:01 | Create | Arambai |
| 26:01 | Create | Arambai |
| 26:18 | Create | Villager (Male) |
| 26:19 | Create | Villager (Male) |
| 26:20 | Build | Farm |
| 26:21 | Create | Arambai |
| 26:44 | Create | Mangonel |
| 27:02 | Build | House |
| 27:18 | Create | Arambai |
| 27:18 | Create | Arambai |
| 27:21 | Create | Villager (Male) |
| 27:21 | Create | Villager (Male) |
| 27:23 | Build | Mill |
| 27:23 | Build | Farm |
| 27:24 | Build | Farm |
| 27:24 | Build | Farm |
| 27:24 | Build | Farm |
| 27:50 | Create | Arambai |
| 27:51 | Create | Arambai |
| 27:57 | Build | House |
| 28:10 | Build | House |
| 28:20 | Create | Villager (Male) |
| 28:20 | Create | Villager (Male) |
| 28:48 | Create | Villager (Male) |
| 29:00 | Build | House |
| 29:05 | Build | Farm |
| 29:06 | Create | Villager (Male) |
Match timeline
| 5:34 | Dennis哥 · first_building Barracks |
| 6:42 | Oni.FreakinAndy · wall_segment Palisade Wall x1 |
| 6:44 | Oni.FreakinAndy · wall_segment Palisade Wall x1 |
| 6:44 | Oni.FreakinAndy · wall_segment Palisade Wall x1 |
| 6:45 | Oni.FreakinAndy · wall_segment Palisade Wall x1 |
| 6:45 | Oni.FreakinAndy · wall_segment Palisade Wall x1 |
| 8:51 | Dennis哥 · age_up feudal |
| 8:52 | Dennis哥 · first_building Archery Range |
| 10:03 | Oni.FreakinAndy · wall_segment Palisade Wall x1 |
| 10:05 | Oni.FreakinAndy · age_up feudal |
| 10:16 | Oni.FreakinAndy · wall_segment Palisade Wall x1 |
| 10:17 | Oni.FreakinAndy · wall_segment Palisade Wall x1 |
| 10:41 | Oni.FreakinAndy · wall_segment Stone Wall x1 |
| 10:44 | Dennis哥 · wall_segment Palisade Wall x1 |
| 11:13 | Oni.FreakinAndy · first_market_sell 100 stone |
| 11:18 | Oni.FreakinAndy · wall_segment Palisade Wall x1 |
| 11:45 | Oni.FreakinAndy · wall_segment Palisade Wall x1 |
| 13:54 | Oni.FreakinAndy · age_up castle |
| 13:57 | Oni.FreakinAndy · first_building Castle |
| 14:23 | Dennis哥 · wall_segment Palisade Wall x1 |
| 14:24 | Dennis哥 · wall_segment Palisade Wall x1 |
| 14:24 | Dennis哥 · wall_segment Palisade Wall x1 |
| 14:24 | Dennis哥 · wall_segment Palisade Wall x1 |
| 14:40 | Oni.FreakinAndy · first_building Monastery |
| 16:23 | Dennis哥 · wall_segment Palisade Wall x1 |
| 16:23 | Dennis哥 · wall_segment Palisade Wall x1 |
| 16:24 | Dennis哥 · wall_segment Palisade Wall x1 |
| 17:34 | Oni.FreakinAndy · first_building Siege Workshop |
| 17:45 | Dennis哥 · wall_segment Palisade Wall x1 |
| 17:46 | Dennis哥 · wall_segment Palisade Wall x1 |
| 18:35 | Oni.FreakinAndy · first_market_buy 100 food |
| 18:39 | Dennis哥 · first_market_buy 100 food |
| 18:52 | Dennis哥 · first_market_sell 100 stone |
| 19:48 | Dennis哥 · wall_segment Palisade Wall x1 |
| 19:48 | Dennis哥 · wall_segment Palisade Wall x1 |
| 19:48 | Dennis哥 · wall_segment Palisade Wall x1 |
| 19:49 | Dennis哥 · wall_segment Palisade Wall x1 |
| 21:55 | Dennis哥 · age_up castle |
| 23:17 | Dennis哥 · wall_segment Palisade Wall x1 |
| 23:32 | Dennis哥 · first_building Siege Workshop |
| 24:07 | Dennis哥 · wall_segment Palisade Wall x5 |
| 29:47 | Dennis哥 · resign |
[ AI ANALYSIS · 1 CREDIT ]
What really happened in this match?
Wolo.gg analyzes every decision: build order, eco, micro, common mistakes by bracket. Personalized analysis on WhatsApp or Discord in 30 seconds.
Civ guide
Incas
Perfil
Dennis